 Dungeon Sprint DCSS version 0.31-a0-879-g1609e0ac53 (webtiles) character file.

Game seed: 10662704062094610292

3154 rocky1 the Spear-Bearer (level 10, -4/81 HPs)
             Began as a Djinni Gladiator on Oct 15, 2023.
             Was an Initiate of Gozag.
             Slain by a tentacle (26 damage)
             ... attached to a kraken
             ... in the Dungeon (Sprint II: "The Violet Keep of Menkaure").
             The game lasted 00:09:24 (1494 turns).

rocky1 the Spear-Bearer (Djinni Gladiator)          Turns: 1494, Time: 00:09:24

Health: -4/81      AC:  5    Str: 17    XL:     10   Next: 15%
Gold:   1816       EV: 18    Int: 10    God:    Gozag SH:  0 Dex: 15

rFire   + + .        m - +1 halberd (venom)
rCold   x . .        (shield currently unavailable)
rNeg    . . .        b - +0 leather armour
rPois   ∞            l - +1 helmet
rElec   .            k - scarf {repulsion}
rCorr   .            (no gloves)
SInv    .            (boots unavailable)
Will    +....        (no amulet) Stlth
                     (no ring)
HPRegen 0.33/turn    (no ring)
MPRegen 0.00/turn

%: no teleportation, repel missiles, infuse magic (-5 HP)
@: berserking (expiring), flying, hasted, very quick
A: sickness immunity, fire resistance 2, cold vulnerability 1, float, innate
caster, HP casting, extra vitality 1, frail 3, wild magic 1
a: Renounce Religion, Potion Petition, Call Merchant, Bribe Branch


You were in the Dungeon.
You worshipped Gozag.
Gozag was most pleased with you.
You visited 1 branch You collected 2628 gold pieces.
You spent 812 gold pieces at shops.

Inventory:

Hand Weapons
 a - a +0 trident
 m - a +1 halberd of venom (weapon)
Missiles
 d - 2 throwing nets (quivered)
 e - a javelin
Armour
 b - a +0 leather armour (worn)
 c - a +0 helmet
 k - a scarf of repulsion (worn)
 l - a +1 helmet (worn)
Talismans
 i - a granite talisman
Scrolls
 j - a scroll of blinking
Potions
 f - 4 potions of curing
 n - 2 potions of might


   Skills:
 * Level 9.6 Fighting
 * Level 13.5 Polearms
 - Level 4.8 Throwing
 + Level 4.0 Armour
 + Level 12.5 Dodging


You knew the following spells:

 Your Spells              Type           Power      Damage    Failure   Level
a - Kiss of Death         Conj/Necr      0%         2d5       50%         1
b - Passwall              Tmut/Erth      0%         N/A       65%         2
c - Tukima's Dance        Hex            0%         N/A       86%         3
d - Animate Armour        Summ/Erth      0%         N/A       99%         4
Your spell library was empty.

Dungeon Overview and Level Annotations

Branches:
Dungeon (1/1)

Altars:
Cheibriados
Dithmenos
Elyvilon
Fedhas
Gozag
Hepliaklqana
Makhleb
Nemelex Xobeh
Okawaru
Qazlal
Ru
Trog
Uskayaw
Wu Jian
Xom
Yredelemnul
Zin
The Shining One
Jiyva
Lugonu

Shops:
D ?[::?==[(=*[(!

Annotations:
D exclusions: obsidian statue and oklob plant, Roxanne


Innate Abilities, Weirdness & Mutations

You are immune to sickness and miasma.
You are immune to poison.
Your flesh is very heat resistant. (rF++)
You are vulnerable to cold. (rC-)
You float through the air rather than walking.
You learn spells naturally, not from books.
Your magical power is your life essence.
You have superior vitality. (+4 MHP)
You are extremely frail. (-30% HP)
Your spells are a little harder to cast, but a little more powerful.


Message History

You kill the tentacle!
A tentacle rises from the water!
A tentacle comes into view.
The tentacle slaps you!!
You are too injured to fight recklessly!
You are too injured to fight recklessly!
You feel much better. The tentacle slaps you!
A red film seems to cover your vision as you go berserk!
You feel yourself moving faster!
You feel mighty! The tentacle slaps you. The tentacle barely misses you.
You impale the tentacle!!
The tentacle looks as sick as possible!
The tentacle is heavily wounded.
The tentacle barely misses you.
You hit the tentacle.
The tentacle looks as sick as possible!
The tentacle is severely wounded.
The tentacle barely misses you.
You closely miss the tentacle.
The tentacle is severely wounded.
You puncture the tentacle!
The tentacle looks as sick as possible!
The tentacle is almost dead.
The tentacle slaps you!
You slice the tentacle!!
You kill the tentacle!
The tentacle slaps you but does no damage.
You slash the tentacle!
The tentacle is lightly wounded.
The tentacle completely misses you.
You impale the tentacle!!
The tentacle is heavily wounded.
The tentacle slaps you!!
* * * LOW HITPOINT WARNING * * *
You are too injured to fight recklessly!
You are too injured to fight recklessly!
You are too injured to fight recklessly!
You are too injured to fight recklessly!
You slash the tentacle!
The tentacle is severely wounded.
The tentacle slaps you!!
You die...
Your body crumbles into a pile of gold.

#. . +^##. }▓?))!)(!?▓▓
...####▓$$$!$)(!▓▓
#..##.#▓?$$|!|)?▓▓
+..#..#▓()?$$?$$▓▓
#..#..#▓$$(?$?(?▓▓
###..##.#▓($)??!?$▓▓
.###...##▓▓▓▓▓▓▓+▓▓▓▓+▓
.§§~~~~~~~~~~~~~@w─Xw≈▓
§..~#'########'###.w≈≈▓
§§.~#.._.....#§§§##≈≈≈▓
~§.~#._._....#§§§≈####▓
)~~§#_._._...#§§§~≈##
≈~~~#._._._..#~§~§≈≈#
≈≈≈~#_._._._.#~~§§§≈+
##§§#._._._._#~~~§≈~#
.#§≈#_._._._.#~~§≈≈≈▓


You could see a kraken and 3 tentacles.

Vanquished Creatures
  A death drake (D)
  A merfolk siren (D)
  A yaktaur (D)
  A hornet (D)
  3 polar bears (D)
  2 wyverns (D)
  4 neqoxecs (D)
  Menkaure (D)
  4 water moccasins (D)
  A swamp drake (D)
  2 tentacles (D)
21 creatures vanquished.

Vanquished Creatures (others)
  A water moccasin (D)
  8 tentacles (D)
9 creatures vanquished.

Grand Total: 30 creatures vanquished

Notes
Turn   | Place    | Note
-------+----------+-------------------------------------------
     0 | D        | rocky1 the Djinni Gladiator began the quest for the Orb.
     0 | D        | Reached XP level 1. HP: 18/18 MP: 0/0
     1 | D        | Noticed a boulder beetle
     1 | D        | Noticed a boulder beetle
     5 | D        | Noticed a neqoxec
     5 | D        | Noticed a neqoxec
     5 | D        | Noticed a neqoxec
     5 | D        | Noticed a neqoxec
    10 | D        | Gained mutation: You are frail. (-10% HP) [a neqoxec]
    13 | D        | Killed a neqoxec
    14 | D        | Reached skill level 5 in Polearms
    14 | D        | Reached XP level 2. HP: 21/23 MP: 0/0
    14 | D        | Reached XP level 3. HP: 25/27 MP: 0/0
    14 | D        | Learned a level 1 spell: Kiss of Death
    14 | D        | Reached XP level 4. HP: 30/33 MP: 0/0
    14 | D        | Reached XP level 5. HP: 34/36 MP: 0/0
    14 | D        | Learned a level 2 spell: Passwall
    14 | D        | Gained mutation: You are very frail. (-20% HP) [a neqoxec]
    20 | D        | Killed a neqoxec
    21 | D        | Reached skill level 7 in Polearms
    21 | D        | Reached XP level 6. HP: 36/38 MP: 0/0
    21 | D        | Gained mutation: You are extremely frail. (-30% HP) [a
                  | neqoxec]
    25 | D        | Killed a neqoxec
    25 | D        | Gained mutation: Your spells are a little harder to cast,
                  | but a little more powerful. [a neqoxec]
    26 | D        | Reached skill level 5 in Fighting
    26 | D        | Reached skill level 8 in Polearms
    26 | D        | Reached XP level 7. HP: 37/37 MP: 0/0
    26 | D        | Learned a level 3 spell: Tukima's Dance
    32 | D        | Killed a neqoxec
    33 | D        | Reached skill level 10 in Dodging
    51 | D        | Noticed an obsidian statue
    59 | D        | Noticed Menkaure
    60 | D        | Found a stormy altar of Qazlal.
    60 | D        | Found an ornate altar of the Wu Jian Council.
    60 | D        | Found a glowing golden altar of the Shining One.
    61 | D        | Killed Menkaure
    62 | D        | Found a hazy altar of Hepliaklqana.
    62 | D        | Found a sacrificial altar of Ru.
    62 | D        | Found a shimmering altar of Xom.
    63 | D        | Found a viscous altar of Jiyva.
    63 | D        | Found a basalt altar of Yredelemnul.
    64 | D        | Found a snail-covered altar of Cheibriados.
    64 | D        | Found a bloodstained altar of Trog.
    64 | D        | Found a glowing silver altar of Zin.
    65 | D        | Found a shadowy altar of Dithmenos.
    65 | D        | Found a corrupted altar of Lugonu.
    65 | D        | Found a hide-covered altar of Uskayaw.
    66 | D        | Found a white marble altar of Elyvilon.
    66 | D        | Found a burning altar of Makhleb.
    69 | D        | Found a blossoming altar of Fedhas.
    70 | D        | Found an opulent altar of Gozag.
    72 | D        | Found a sparkling altar of Nemelex Xobeh.
    73 | D        | Found an iron altar of Okawaru.
    80 | D        | Noticed a water moccasin
    80 | D        | Noticed a water moccasin
    84 | D        | Noticed a water moccasin
    84 | D        | Noticed a flying skull
    84 | D        | Noticed a flying skull
    86 | D        | Became a worshipper of Gozag Ym Sagoz the Greedy
    93 | D        | Noticed a water moccasin
   101 | D        | Killed a water moccasin
   102 | D        | Reached skill level 9 in Polearms
   118 | D        | Noticed Roxanne
   148 | D        | Found Sovufe's Distillery.
   150 | D        | Found Foffaes's Antique Armour Boutique.
   150 | D        | Found Kafry's Antique Weapon Boutique.
   152 | D        | Found Cotsysm's General Store.
   154 | D        | Found Sylo's Antique Weapon Boutique.
   154 | D        | Found Zib Capt's Jewellery Boutique.
   155 | D        | Found Naohir's Jewellery Shop.
   156 | D        | Found Zuffarel's Antique Armour Shop.
   157 | D        | Found Fusuclaw's Jewellery Shop.
   157 | D        | Found Jianop's Magic Scroll Boutique.
   161 | D        | Noticed a merfolk siren
   183 | D        | Killed a merfolk siren
   184 | D        | Reached skill level 10 in Polearms
   184 | D        | Reached XP level 8. HP: 42/42 MP: 0/0
   300 | D        | Noticed a wyvern
   300 | D        | Noticed a wyvern
   312 | D        | Killed a wyvern
   313 | D        | Reached skill level 1 in Armour
   322 | D        | Killed a wyvern
   541 | D        | Found Enidesob's Distillery.
   541 | D        | Found Coin Ciw's Book Boutique.
   541 | D        | Noticed a death yak
   541 | D        | Noticed an oklob plant
   541 | D        | Noticed a wyvern
   575 | D        | Noticed a wyvern
   576 | D        | Found Herchig's Antique Armour Shop.
   576 | D        | Found Gocli's Magic Scroll Boutique.
   576 | D        | Found Ysubbieh's Book Shoppe.
   577 | D        | Noticed a wyvern
   582 | D        | Bought an embroidered scarf for 200 gold pieces
   582 | D        | Bought a shiny helmet for 187 gold pieces
   601 | D        | Bought a glowing halberd for 161 gold pieces
   610 | D        | Bought a potion of might for 48 gold pieces
   610 | D        | Bought a potion of might for 48 gold pieces
   610 | D        | Bought a potion of curing for 36 gold pieces
   610 | D        | Bought a potion of berserk rage for 60 gold pieces
   610 | D        | Bought a potion of curing for 36 gold pieces
   610 | D        | Bought a potion of curing for 36 gold pieces
   741 | D        | Noticed a polar bear
   742 | D        | Noticed a polar bear
   742 | D        | Noticed a polar bear
   748 | D        | Noticed a yaktaur
   753 | D        | Noticed a hornet
   770 | D        | Killed a hornet
   771 | D        | Reached skill level 11 in Polearms
   771 | D        | Reached XP level 9. HP: 47/47 MP: 0/0
   771 | D        | Learned a level 4 spell: Animate Armour
   779 | D        | Killed a yaktaur
   918 | D        | Killed a polar bear
   919 | D        | Reached skill level 12 in Polearms
   930 | D        | Killed a polar bear
   937 | D        | Killed a polar bear
  1033 | D        | Noticed a kraken
  1333 | D        | Noticed a death drake
  1344 | D        | Killed a death drake
  1345 | D        | Reached skill level 13 in Polearms
  1345 | D        | Reached XP level 10. HP: 31/54 MP: 0/0
  1494 | D        | Slain by a tentacle

Illustrated notes

Levels and vault maps discovered:
D:        the_violet_keep_of_menkaure [sprint2_stairs_cluster_1,
          sprint2_shoproom, sprint2_temple, sprint2_basic_supplies,
          sprint2_obstacle_3, sprint2_obstacle_6, sprint2_obstacle_7,
          sprint2_obstacle_1, sprint2_obstacle_5, sprint2_timed_cluster_1,
          sprint2_smallroom_cluster_1, sprint2_smallroom_final_cluster_1,
          sprint2_transparent_cluster_1, sprint2_second_timed_cluster_1,
          sprint2_sniper_area_1, sprint2_heavy_combat_area_1,
          sprint2_mutation_trap_area_1, sprint2_forest_area_1,
          sprint2_light_combat_area_1, sprint2_behind_water_1,
          sprint2_near_end_vault_1]

Skill      XL: |  1  2  3  4  5  6  7  8  9 |
---------------+----------------------------+-----
Fighting       | 3 4 5 6 7 9 |  9.6
Polearms       | 5 7 8 10 11 13 | 13.5
Throwing       | 3 4 |  4.8
Dodging        | 6 8 9 11 12 | 12.5
Armour         | 2 4 |  4.0

Action                     |  1- 3 |  4- 6 |  7- 9 | 10-12 || total
---------------------------+-------+-------+-------+-------++-------
  Melee: Trident           |     7 |    12 |    80 |       ||    99
         Halberd           |       |       |    68 |    15 ||    83
         Punch             |       |       |     1 |       ||     1
  Throw: Throwing net      |       |       |     3 |       ||     3
    Use: Potion            |     1 |       |       |     3 ||     4
   Stab: Distracted        |       |       |     1 |       ||     1
 Armour: Leather armour    |     4 |     1 |    60 |    11 ||    76
  Dodge: Dodged            |       |     2 |    89 |     7 ||    98

Table legend: (Time is in decaauts)
 A = Elapsed time spent in this place.
 B = Non-inter-level travel time spent in this place.
 C = Inter-level travel time spent in this place.
 D = Time resting spent in this place.
 E = Time spent auto-exploring this place.
 F = Levels seen in this place.
 G = Mean time per level.
                   A        B        C        D        E       F      G
               +--------+--------+--------+--------+--------+-----+--------+
         Total |   1466 |   1440 |     26 |    841 |      0 |   1 | 1466.0 |
       Dungeon |   1466 |   1440 |     26 |    841 |      0 |   1 | 1466.0 |
               +--------+--------+--------+--------+--------+-----+--------+

Top non-repeatable levels by time:
       D: 1466 daAuts
